 Dungeon Crawl Stone Soup version 0.22-a0-305-gd21a89c (webtiles) character file.

16 Amnesiac the Cutter (level 2, 0/19 HPs)
             Began as a Kobold Fighter on Mar 31, 2018.
             Slain by an adder (3 damage)
             ... on level 2 of the Dungeon.
             The game lasted 00:00:31 (174 turns).

Amnesiac the Cutter (Kobold Fighter)                 Turns: 174, Time: 00:00:31

Health: 0/19       AC:  6    Str: 13    XL:     2   Next: 70%
Magic:  2/2        EV:  9    Int:  9    God:
Gold:   46         SH:  8    Dex: 14    Spells: 1/1 levels left

rFire    . . .     SeeInvis .   a - +0 rapier
rCold    . . .     Gourm    .   c - +0 shield
rNeg     . . .     Faith    .   b - +0 scale mail
rPois    .         Spirit   .   (no helmet)
rElec    .         Reflect  .   (no cloak)
rCorr    .         Harm     .   (no gloves)
MR       .....                  (no boots)
Stlth    ..........             (no amulet)
HPRegen  0.06/turn              (no ring)
MPRegen  0.08/turn              (no ring)

@: lethally poisoned (0 -> -6)
A: small, carnivore
a: no special abilities


You were on level 2 of the Dungeon.
You were very full.

You visited 1 branch of the dungeon, and saw 2 of its levels.

You collected 46 gold pieces.

Inventory:

Hand Weapons
 a - a +0 rapier (weapon)
Armour
 b - a +0 scale mail (worn)
 c - a +0 shield (worn)
Scrolls
 e - 2 scrolls of identify {!r, unknown}
Potions
 d - a potion of might {!q}
Comestibles
 f - 3 rations


   Skills:
 - Level 3.2 Fighting
 * Level 3.7 Short Blades
 - Level 2.4 Armour
 + Level 1.3 Dodging
 - Level 2.4 Shields


You had one spell level left.
You didn't know any spells.

Dungeon Overview and Level Annotations

Branches:
Dungeon (2/15)

Altars:


Innate Abilities, Weirdness & Mutations

You are small and have problems with some larger weapons.
You are carnivorous and can eat meat at any time.


Message History

You feel sick. The adder bites you but does no damage.
The bat closely misses you.
You puncture the adder!
The adder is almost dead.
The bat hits you. You block the adder's attack. The adder closely misses you.
You hit the adder.
You kill the adder!
Your Dodging skill increases to level 1!
You have reached level 2!
The bat hits you but does no damage. x2
You closely miss the bat.
You feel sick. You block the bat's attack. The bat hits you but does no damage.
You miss the bat. The bat hits you but does no damage. x3
You hit the bat.
You kill the bat!
No target in view!
No target in view!
No target in view!
No target in view!
No target in view!
No target in view!
No target in view!
No target in view!
No target in view!
No target in view!
You feel sick.
You see here an adder corpse.
You butcher the adder corpse.
g - a chunk of flesh You feel sick.
You are no longer poisoned.
You now have 46 gold pieces (gained 11).
You start resting.
Eating a chunk of flesh.
You eat the chunk of flesh.
This raw flesh tastes great.
A goblin comes into view.
The goblin shouts!
An adder comes into view.
The adder hisses angrily.
The goblin barely misses you.
You hit the goblin.
You kill the goblin!
The adder bites you.
* * * LOW HITPOINT WARNING * * *
You are poisoned.
The adder poisons you!
You hit the adder but do no damage.
You feel sick. You block the adder's attack. The adder bites you.
* * * LOW HITPOINT WARNING * * *
You are lethally poisoned!
The adder poisons you!
* * * LOW HITPOINT WARNING * * *
You feel sick.
You closely miss the adder. The adder bites you but does no damage.
You hit the adder.
The adder is lightly wounded.
* * * LOW HITPOINT WARNING * * *
You feel sick. The adder bites you but does no damage.
You block the adder's attack.
You closely miss the adder.
The adder is lightly wounded.
* * * LOW HITPOINT WARNING * * *
You feel sick. The adder bites you.
You die...

#. #..# .
#.## #.#
#.# #.# #.#
#.####
#....## .
#@.#..#..#
#S###...##
#..#..#..#.
#....## ...
#...## ..
#...? .
#.!#..
#.###..
#..#..#.


You could see an adder.

Vanquished Creatures
  An adder (D:2)
  A leopard gecko (D:2)
  A bat (D:2)
  A giant cockroach (D:2)
  A goblin (D:2)
  A frilled lizard (D:1)
6 creatures vanquished.

Notes
Turn   | Place    | Note
-------+----------+-------------------------------------------
     0 | D:1      | Amnesiac the Kobold Fighter began the quest for the Orb.
     0 | D:1      | Reached XP level 1. HP: 14/14 MP: 1/1
   135 | D:2      | Reached skill level 1 in Dodging
   135 | D:2      | Reached XP level 2. HP: 12/19 MP: 2/2
   174 | D:2      | Slain by an adder

Vault maps used:
D:1:      dpeg_arrival_fog, evilmike_ruin_ashenzari
D:2:      gammafunk_temple_overflow_elements, lemuel_doored_altar, first_ration,
          minmay_strange_pillars, chequers_big_river, fedhas_altar_fruit_tree,
          uniq_sigmund

Skill      XL: |  1 |
---------------+----+-----
Short Blades   | 3 |  3.7
Dodging        | 1 |  1.3
Fighting       | |  3.2
Armour         | |  2.4
Shields        | |  2.4

Action                   || total
-------------------------++-------
Melee: Rapier            ||    27
  Eat: Chunk             ||     5
Armor: Scale mail        ||    20
Dodge: Dodged            ||     9
Block: Shield            ||    10

Table legend:
 A = Spawn XP
 B = Non-spawn XP
 C = Spawn XP percentage of total XP
 D = Spawn monster count
 E = Non-spawn monster count
 F = Spawn count percentage of total count
 G = Total turns spent on level
                    A         B        C        D         E        F      G
               +---------+---------+-------+---------+---------+-------+---------
         Total |       0 |      23 |   0.0 |       0 |       6 |   0.0 |   174
               +---------+---------+-------+---------+---------+-------+---------
           D:1 |       0 |       1 |   0.0 |       0 |       1 |   0.0 |    61
           D:2 |       0 |      22 |   0.0 |       0 |       5 |   0.0 |   113
               +---------+---------+-------+---------+---------+-------+---------
